 Dungeon Crawl Stone Soup version 0.21.0-3-g78d12a8bdd (webtiles) character file.

590 Manul the Sneak (level 7, -12/52 HPs)
             Began as a Demonspawn Assassin on Jan 12, 2018.
             Mangled by Menkaure (15 damage)
             ... on level 5 of the Dungeon.
             The game lasted 00:05:04 (3859 turns).

Manul the Sneak (Demonspawn Assassin)               Turns: 3859, Time: 00:05:04

Health: -12/52     AC:  6    Str: 17    XL:     7   Next: 15%
Magic:  7/7        EV: 11    Int: 14    God:
Gold:   278        SH:  0    Dex: 18    Spells: 6/6 levels left

rFire    . . .     SeeInvis .   v - +1 battleaxe (elec)
rCold    + . .     Gourm    .   (shield currently unavailable)
rNeg     . . .     Faith    .   i - +0 ring mail
rPois    .         Spirit   .   (helmet restricted)
rElec    .         Reflect  .   d - +0 cloak
rCorr    .         Harm     .   (no gloves)
MR       .....                  (no boots)
Stlth    ++........             (no amulet)
HPRegen  0.17/turn              (no ring)
MPRegen  0.10/turn              (no ring)

@: mighty, heavily drained
A: antennae 1, agile 1, clever 1, cold resistance 1, foul stench 1, rot
immunity, freezing cloud immunity
a: no special abilities


You were on level 5 of the Dungeon.
You were not hungry.

You visited 1 branch of the dungeon, and saw 5 of its levels.

You collected 278 gold pieces.

Inventory:

Hand Weapons
 a - a +2 dagger
 b - a +0 blowgun
 v - a +1 battleaxe of electrocution (weapon)
Missiles
 e - 23 poisoned needles
 f - 2 curare-tipped needles
Armour
 c - a +0 robe
 d - a +0 cloak (worn)
 i - a +0 ring mail (worn)
Wands
 z - a wand of digging (9)
Scrolls
 m - 2 scrolls of identify
 n - 2 scrolls of teleportation {unknown}
 o - a scroll of magic mapping
 r - a scroll of noise {unknown}
 s - 2 scrolls of fear
 u - a scroll of blinking {unknown}
 x - a scroll of enchant armour
 A - 2 scrolls of enchant weapon {unknown}
 B - 2 scrolls of remove curse {unknown}
 C - a scroll of amnesia
Potions
 h - a potion of haste {unknown}
 l - 2 potions of lignification
 t - 3 potions of might
Comestibles
 g - 8 rations
 j - a chunk of flesh


   Skills:
 + Level 3.1(1.4) Fighting
 + Level 2.9(1.3) Short Blades
 - Level 2.9(1.3) Axes
 + Level 1.9(0.3) Throwing
 + Level 3.0(1.4) Armour
 + Level 2.5(0.9) Dodging
 + Level 5.0(3.2) Stealth


You had 6 spell levels left.
You didn't know any spells.

Dungeon Overview and Level Annotations

Branches:
Dungeon (5/15)
 Temple: D:4-7

Altars:
Ashenzari
Elyvilon
Fedhas
Qazlal
Ru
Vehumet
Wu Jian

Shops:
D:5 :

Annotations:
D:5 Menkaure


Innate Abilities, Weirdness & Mutations

You have a pair of small antennae on your head.
Your flesh is cold resistant. (rC+)
You may emit foul miasma when damaged in melee.
You are immune to rotting.
You are immune to freezing clouds.
You are agile. (Dex +2)
Your mind is acute. (Int +2)


Message History

You barely miss the iguana. The iguana bites you.
Menkaure calls on the powers of darkness!
The iguana convulses!
Your body is wracked with pain!
The iguana bites you!
* * * LOW HITPOINT WARNING * * *
The iguana looks sick.
You are too injured to fight recklessly!
Menkaure gestures wildly while chanting.
Menkaure seems to speed up.
The iguana bites you.
* * * LOW HITPOINT WARNING * * *
Okay, then.
As you read the scroll of fear, it crumbles to dust.
You assume a fearsome visage.
The iguana looks frightened!
Menkaure rustles a few words.
Evoke which item? (* to show all) (? for menu, Esc to quit)
Okay, then.
You feel very mighty all of a sudden.
You barely miss Menkaure. Menkaure closely misses you. Menkaure hits you!
* * * LOW HITPOINT WARNING * * *
You barely miss Menkaure. Menkaure hits you!
You die...

#l.###.#..........#
#..#######....##...
##...M............#
#.........#....####
#...รท.###.####.#
#.....# #.####.#
#.....# #....#..
#.....# ###M#####
####### #@# #.#
#.#### #...<#
######


You could see Menkaure.

Vanquished Creatures
  Sigmund (D:3)
  A scorpion (D:4)
  A jelly (D:4)
  2 hounds
  Ijyb (D:3)
  An iguana (D:4)
  2 worker ants (D:4)
  Terence (D:3)
  7 adders
  A shadow imp (D:5)
  5 worms
  4 dart slugs
  A leopard gecko (D:4)
  9 orcs (D:3)
  7 bats
  3 giant cockroaches
  5 goblins
  5 hobgoblins
  8 jackals
  A quokka (D:2)
  A ball python (D:3)
  2 frilled lizards
  7 kobolds
  A leopard gecko skeleton (D:3)
  10 rats
87 creatures vanquished.

Notes
Turn   | Place    | Note
-------+----------+-------------------------------------------
     0 | D:1      | Manul the Demonspawn Assassin began the quest for the Orb.
     0 | D:1      | Reached XP level 1. HP: 16/16 MP: 1/1
   297 | D:1      | Reached skill level 1 in Dodging
   314 | D:1      | Gained mutation: Your flesh is cold resistant. (rC+) [demonic ancestry]
   314 | D:1      | Reached XP level 2. HP: 20/22 MP: 2/2
   319 | D:1      | Reached skill level 4 in Stealth
   755 | D:2      | Gained mutation: You are immune to rotting. [demonic ancestry]
   755 | D:2      | Reached XP level 3. HP: 16/27 MP: 3/3
   982 | D:2      | Found a blossoming altar of Fedhas.
   985 | D:2      | Found a white marble altar of Elyvilon.
   985 | D:2      | Found an ornate altar of the Wu Jian Council.
   985 | D:2      | Found a radiant altar of Vehumet.
  1030 | D:2      | Found a sacrificial altar of Ru.
  1752 | D:3      | Gained mutation: You have a pair of small antennae on your head. [demonic ancestry]
  1752 | D:3      | Reached XP level 4. HP: 33/33 MP: 4/4
  1812 | D:3      | Found a shattered altar of Ashenzari.
  1822 | D:3      | Noticed Ijyb
  1831 | D:3      | Killed Ijyb
  1957 | D:3      | Reached skill level 1 in Armour
  2196 | D:3      | Noticed Sigmund
  2226 | D:3      | Killed Sigmund
  2226 | D:3      | Gained mutation: You may emit foul miasma when damaged in melee. [demonic ancestry]
  2226 | D:3      | Reached XP level 5. HP: 16/39 MP: 5/5
  2468 | D:3      | Noticed Terence
  2470 | D:3      | Gained mutation: You are immune to freezing clouds. [demonic ancestry]
  2470 | D:3      | Reached XP level 6. HP: 39/46 MP: 6/6
  2471 | D:3      | Killed Terence
  2686 | D:3      | Found a stormy altar of Qazlal.
  3305 | D:5      | Entered Level 5 of the Dungeon
  3310 | D:5      | Gained mutation: Your mind is acute. (Int +2) [potion of mutation]
  3310 | D:5      | Gained mutation: You are agile. (Dex +2) [potion of mutation]
  3332 | D:5      | Reached XP level 7. HP: 49/52 MP: 7/7
  3442 | D:5      | Noticed a troll
  3447 | D:5      | Noticed Menkaure
  3739 | D:5      | Found Fats's Book Shoppe.
  3840 | D:5      | Reached skill level 5 in Stealth
  3859 | D:5      | Mangled by Menkaure

Skill      XL: |  1  2  3  4  5  6  7 |
---------------+----------------------+-----
Dodging        | 1 2 |  2.5
Short Blades   | 2 |  2.9
Stealth        | 4 5 |  5.0
Armour         | 2 3 |  3.0
Axes           | 2 |  2.9
Fighting       | 3 |  3.1
Throwing       | |  1.9

Action                   |  1- 3 |  4- 6 |  7- 9 || total
-------------------------+-------+-------+-------++-------
Melee: Dagger            |   136 |       |       ||   136
       Battleaxe         |    17 |    95 |    13 ||   125
 Fire: Blowgun           |     6 |       |       ||     6
  Use: Potion            |       |     3 |     4 ||     7
       Scroll            |       |     2 |     4 ||     6
 Stab: Sleeping          |     5 |     7 |       ||    12
  Eat: Chunk             |     3 |     5 |       ||     8
       Ration            |       |       |     1 ||     1
Armor: Ring mail         |    78 |    36 |     6 ||   120
       Skin              |       |     9 |     7 ||    16
Dodge: Dodged            |    97 |    65 |     8 ||   170
